 Dungeon Crawl Stone Soup version 0.21-a0-641-geef9d7f (webtiles) character file.

33121 shenanigans the Destroyer (level 13, 0/100 HPs)
             Began as a Barachi Fire Elementalist on Dec 30, 2017.
             Was a High Priest of Vehumet.
             Slain by Rupert
             ... wielding a +0 battleaxe of electrocution
              (32 damage)
             ... on level 4 of the Lair of Beasts.
             The game lasted 02:04:11 (26969 turns).

shenanigans the Destroyer (BaFE)                   Turns: 26969, Time: 02:04:12

Health: 0/100      AC:  6    Str: 10    XL:     13   Next: 68%
Magic:  4/27       EV: 13    Int: 20    God:    Vehumet [*****.]
Gold:   640        SH: 20    Dex: 13    Spells: 17/33 levels left

rFire    . . .     SeeInvis .   a - +5 broad axe (flame)
rCold    + . .     Gourm    .   R - +2 large shield
rNeg     . . .     Faith    .   W - +0 robe
rPois    .         Spirit   .   (no helmet)
rElec    .         Reflect  +   H - +0 cloak
rCorr    .         Harm     .   g - +0 pair of gloves
MR       .....                  (no boots)
Stlth    +++.......             U - +4 amulet of reflection
HPRegen  0.00/turn              m - ring of wizardry
MPRegen  0.20/turn              F - ring of protection from cold

@: hasted, quick
A: +LOS, swims, molten scales 1, slowness 1, inhibited regeneration, strong legs
2
a: Hop, Renounce Religion


You were on level 4 of the Lair of Beasts.
You worshipped Vehumet.
Vehumet was extremely pleased with you.
You were not hungry.

You visited 3 branches of the dungeon, and saw 17 of its levels.
You also visited: Sewer.

You collected 1144 gold pieces.
You spent 504 gold pieces at shops.

Inventory:

Hand Weapons
 a - a +5 broad axe of flaming (weapon)
 b - the +3 mace of Wokuumu {flame, +Inv rPois rF+++}
   (You took it off a naga on level 2 of the Lair of Beasts)

   It has been specially enchanted to burn those struck by it, causing extra
   injury to most foes and up to half again as much damage against particularly
   susceptible opponents.
   It renders you almost immune to fire.
   It protects you from poison.
   It lets you turn invisible.
 f - a +2 flail of venom
 s - the +4 trident of Jiam {pierce, Int+7}
   (You found it on level 7 of the Dungeon)

   It inflicts extra damage upon your enemies.
   It affects your intelligence (+7).
 B - the +1 quarterstaff of the Enemy {flame, Stlth+}
   (You found it on level 6 of the Dungeon)

   It has been specially enchanted to burn those struck by it, causing extra
   injury to most foes and up to half again as much damage against particularly
   susceptible opponents.
   It makes you more stealthy.
 C - a +1 morningstar of holy wrath
Missiles
 I - 2 tomahawks (quivered)
Armour
 d - a +0 scale mail
 g - a +0 pair of gloves (worn)
 y - a +2 buckler
 H - a +0 cloak (worn)
 R - a +2 large shield (worn)
 W - a +0 robe (worn)
Jewellery
 m - a ring of wizardry (left hand)
 F - a ring of protection from cold (right hand)
 T - an uncursed ring of resist corrosion
 U - a +4 amulet of reflection (around neck)
Wands
 p - a wand of digging (14)
 u - a wand of paralysis (21)
 L - a wand of enslavement (6)
 O - a wand of random effects (39)
Scrolls
 e - 9 scrolls of remove curse
 i - 4 scrolls of identify
 j - 2 scrolls of enchant armour
 o - 2 scrolls of amnesia
 t - 8 scrolls of teleportation
 w - a scroll of fog
 E - a scroll of brand weapon
 N - a scroll of fear
Potions
 k - 2 potions of haste
 n - 2 potions of brilliance
 r - 4 potions of heal wounds
 v - a potion of curing
 x - 3 potions of flight
 z - 3 potions of agility
 A - 2 potions of ambrosia
 P - a potion of resistance
Books
 D - a book of Misfortune

   Spells                             Type                      Level
   a - Confusing Touch                Hexes                        1
   b - Confuse                        Hexes                        3
   c - Gell's Gravitas                Translocation                3
   d - Petrify                        Transmutation/Earth          4
   e - Metabolic Englaciation         Hexes/Ice                    5
   f - Yara's Violent Unravelling     Hexes/Transmutation          5
 M - a book of Callings

   Spells                             Type                      Level
   a - Summon Small Mammal            Summoning                    1
   b - Call Imp                       Summoning                    2
   c - Call Canine Familiar           Summoning                    3
   d - Summon Guardian Golem          Hexes/Summoning              3
   e - Summon Lightning Spire         Summoning/Air                4
   f - Summon Ice Beast               Ice/Summoning                4
 Q - a book of Enchantments

   Spells                             Type                      Level
   a - Cause Fear                     Hexes                        4
   b - Yara's Violent Unravelling     Hexes/Transmutation          5
   c - Silence                        Hexes/Air                    5
   d - Deflect Missiles               Charms/Air                   6
   e - Discord                        Hexes                        8
 S - a book of Cantrips

   Spells                             Type                      Level
   a - Confusing Touch                Hexes                        1
   b - Animate Skeleton               Necromancy                   1
   c - Summon Small Mammal            Summoning                    1
   d - Apportation                    Translocation                1
 V - a book of Flames

   Spells                             Type                      Level
   a - Flame Tongue                   Conjuration/Fire             1
   b - Throw Flame                    Conjuration/Fire             2
   c - Conjure Flame                  Conjuration/Fire             3
   d - Inner Flame                    Hexes/Fire                   3
   e - Sticky Flame                   Conjuration/Fire             4
   f - Fireball                       Conjuration/Fire             5
Comestibles
 c - 16 rations


   Skills:
 + Level 8.8 Fighting
 + Level 4.6 Armour
 + Level 8.2 Dodging
 - Level 6.2 Stealth
 + Level 8.3 Shields
 * Level 10.6 Spellcasting
 * Level 11.3 Conjurations
 * Level 11.3 Fire Magic
 + Level 3.0 Ice Magic
 + Level 0.6 Air Magic


You had 17 spell levels left.
You knew the following spells:

 Your Spells              Type           Power        Failure   Level  Hunger
a - Flame Tongue          Conj/Fire      #####        1%          1    None
b - Fireball              Conj/Fire      ######....   1%          5    ####...
c - Throw Icicle          Conj/Ice       #####...     3%          4    ##.....
d - Freezing Cloud        Conj/Ice/Air   ####......   65%         6    ######.


Dungeon Overview and Level Annotations

Branches:
Dungeon (11/15)            Temple (1/1) D:7            Lair (5/6) D:11
 Shoals (0/4) Lair:2        Snake (0/4) Lair:2          Orc (0/2) D:11
  Slime: Lair:5-6

Altars:
Ashenzari
Dithmenos
Elyvilon
Fedhas
Gozag
Hepliaklqana
Kikubaaqudgha
Makhleb
Nemelex Xobeh
Okawaru
Qazlal
Ru
Sif Muna
Uskayaw
Vehumet
Wu Jian
Xom
Yredelemnul
Zin
The Shining One

Shops:
D:9 ?

Annotations:
D:10 Frisk's ghost, novice MiFi
Lair:4 Rupert
Lair:5 Kirke


Innate Abilities, Weirdness & Mutations

Shadows flee at your approach. (+LOS)
You can swim through water.
You cover ground slowly.
You can hop long distances.
You are partially covered in molten scales. (AC +2)
You do not regenerate when monsters are visible.


Message History

You closely miss Rupert.
Rupert is heavily wounded.
You block Rupert's attack.
You hit Rupert. You burn Rupert.
Rupert is heavily wounded.
You block Rupert's attack.
Rupert hits you with a battleaxe of electrocution!!
You slash Rupert! You burn Rupert.
Rupert is heavily wounded.
Rupert hits you with a battleaxe of electrocution!!
You hit Rupert but do no damage.
Rupert is heavily wounded.
You block Rupert's attack.
You barely miss Rupert.
Rupert is heavily wounded.
You block Rupert's attack.
Rupert hits you with a battleaxe of electrocution!!
Rupert rages.
Rupert hits you with a battleaxe of electrocution!!
You die...

##......##≈.................. #
####.....##≈≈≈≈≈≈≈............ #
#.#.....≈≈≈≈≈≈≈≈≈≈≈≈.........#
#####......≈≈≈#######≈≈≈##......#
#P.........≈≈##≈≈≈≈≈#P≈≈####.....
#...#P.#...≈≈#(†≈≈≈≈≈≈≈≈≈#####...
...#####..P≈≈##≈≈≈≈≈#≈≈≈≈#.##..P.
###.# ##..≈≈≈#######≈≈≈........#
# ### ###..≈≈≈≈≈@≈≈≈≈≈≈..........
###.# #.....≈≈≈@≈≈≈≈≈............
⌠...# ###..#...#≈................
...## ##....###................
>.⌠# #......###...............
...# ###..### #...............
..## ###.....# #...............
+.#####.......## ##..>...........
...#.#.........# #..............#


You could see Rupert (berserk).

Vanquished Creatures
  Harold (D:10)
  3 hydras (Lair:2)
  2 two-headed ogres (D:11)
  3 death yaks (Lair:4)
  13 elephants
  Maurice (D:8)
  Joseph (D:8)
  3 black mambas
  4 spiny frogs
  2 rime drakes (Lair:3)
  A komodo dragon (Lair:2)
  2 ice devils (Lair:2)
  2 trolls (D:10)
  The ghost of coolguy69 the Cutter, a novice VSMo (D:4)
  2 hornets (D:8)
  2 polar bears (Lair:4)
  8 blink frogs
  8 hippogriffs
  2 wyverns (D:11)
  2 wraiths (D:11)
  30 yaks
  Grum (D:10)
  2 basilisks
  A hungry ghost (D:10)
  Menkaure (D:5)
  6 swamp worms (Lair:4)
  An acid dragon (D:11)
  7 nagas
  2 soldier ants
  8 water moccasins
  7 porcupines
  5 sky beasts
  A black bear (D:10)
  An eye of draining (D:9)
  3 ice beasts
  4 ogres
  A phantom (D:11)
  3 orc warriors (D:11)
  6 wolves
  4 centaurs
  12 crocodiles
  9 bullfrogs
  6 scorpions
  3 killer bees (D:4)
  5 wights (D:10)
  3 howler monkeys
  4 crimson imps
  6 hounds
  5 orc priests
  2 jellies
  A bullfrog skeleton (D:10)
  A centaur skeleton (D:5)
  3 iguanas
  5 orc wizards
  8 worker ants
  A hound zombie (D:5)
  3 gnolls (D:7)
  14 adders
  6 shadow imps
  4 oozes
  An adder zombie (D:5)
  23 worms
  5 dart slugs
  9 leopard geckos
  28 orcs
  5 giant cockroaches
  4 goblins
  7 hobgoblins
  17 jackals
  6 quokkas
  2 ball pythons
  10 bats
  8 frilled lizards
  10 kobolds
  2 leopard gecko skeletons (D:5)
  A quokka zombie (D:8)
  12 rats
  A bush (Lair:3)
  A plant (Lair:4)
410 creatures vanquished.

Vanquished Creatures (others)
  16 fungi
  7 plants
23 creatures vanquished.

Grand Total: 433 creatures vanquished

Notes
Turn   | Place    | Note
-------+----------+-------------------------------------------
     0 | D:1      | shenanigans the Barachi Fire Elementalist began the quest for the Orb.
     0 | D:1      | Reached XP level 1. HP: 13/13 MP: 3/3
   377 | D:1      | Reached XP level 2. HP: 20/20 MP: 3/5
  1299 | D:1      | Reached XP level 3. HP: 25/25 MP: 1/6
  1693 | D:2      | Reached skill level 1 in Fighting
  2075 | D:2      | Reached XP level 4. HP: 19/32 MP: 4/8
  2762 | D:2      | Found an opulent altar of Gozag.
  3657 | D:3      | Reached XP level 5. HP: 38/38 MP: 7/9
  3775 | D:3      | Found a glowing drain.
  3779 | Sewer    | Entered a sewer
  4879 | D:3      | Learned a level 5 spell: Fireball
  5116 | D:4      | Reached skill level 1 in Shields
  5116 | D:4      | Reached XP level 6. HP: 44/44 MP: 8/11
  5156 | D:4      | Noticed coolguy69's ghost (novice VSMo)
  5325 | D:4      | Killed coolguy69's ghost
  5325 | D:4      | Reached XP level 7. HP: 25/51 MP: 1/13
  5953 | D:4      | Reached XP level 8. HP: 58/58 MP: 14/14
  6360 | D:5      | Entered Level 5 of the Dungeon
  6426 | D:5      | Gained mutation: You do not regenerate when monsters are visible. [potion of mutation]
  6426 | D:5      | Gained mutation: You are partially covered in molten scales. (AC +2) [potion of mutation]
  7112 | D:5      | Noticed Menkaure
  7149 | D:5      | Found a radiant altar of Vehumet.
  7163 | D:5      | Became a worshipper of Vehumet
  7199 | D:5      | Killed Menkaure
  7199 | D:5      | Reached skill level 5 in Spellcasting
  7199 | D:5      | Reached skill level 5 in Conjurations
  7199 | D:5      | Reached skill level 5 in Fire Magic
  8279 | D:6      | Got an encrusted quarterstaff
  8516 | D:6      | Identified the cursed +1 quarterstaff of the Enemy {flame, Stlth+} (You found it on level 6 of the Dungeon)
  8667 | D:7      | Reached XP level 9. HP: 65/65 MP: 14/17
  8717 | D:7      | Found a glowing golden altar of the Shining One.
  8723 | D:7      | Reached * piety under Vehumet
  8723 | D:7      | Offered knowledge of Sting by Vehumet.
  9223 | D:7      | Got a slimy trident
  9224 | D:7      | Identified the +4 trident of Jiam {pierce, Int+7} (You found it on level 7 of the Dungeon)
  9366 | D:7      | Found a staircase to the Ecumenical Temple.
  9376 | Temple   | Entered the Ecumenical Temple
  9802 | D:8      | Noticed Joseph
  9822 | D:8      | Killed Joseph
 10047 | D:8      | Noticed a hornet
 10048 | D:8      | Noticed a hornet
 10053 | D:8      | Killed a hornet
 10057 | D:8      | Reached skill level 5 in Shields
 10278 | D:8      | Noticed Maurice
 10349 | D:8      | Reached skill level 5 in Fighting
 10349 | D:8      | Reached skill level 5 in Dodging
 10420 | D:8      | Killed Maurice
 10420 | D:8      | Reached XP level 10. HP: 74/74 MP: 7/20
 10633 | D:8      | You fall through a shaft for 2 floors!
 10633 | D:10     | Entered Level 10 of the Dungeon
 10742 | D:10     | Reached ** piety under Vehumet
 10742 | D:10     | Offered knowledge of Sandblast by Vehumet.
 11090 | D:10     | Noticed Harold
 11115 | D:10     | HP: 4/111 [Harold/bolt of fire (14)]
 11118 | D:10     | Killed Harold
 11118 | D:10     | Reached skill level 5 in Stealth
 12364 | D:8      | Paralysed by a hornet for 2 turns
 12809 | D:9      | Found Ixyhoehi's Magic Scroll Emporium.
 12818 | D:9      | Bought 3 scrolls of identify for 66 gold pieces
 12818 | D:9      | Bought a scroll of blinking for 82 gold pieces
 12818 | D:9      | Bought a scroll of summoning for 104 gold pieces
 12818 | D:9      | Bought a scroll of enchant weapon for 82 gold pieces
 12822 | D:9      | Bought a scroll of identify for 22 gold pieces
 12822 | D:9      | Bought a scroll of identify for 22 gold pieces
 12822 | D:9      | Bought a scroll of identify for 22 gold pieces
 12822 | D:9      | Bought a scroll of identify for 22 gold pieces
 12822 | D:9      | Bought a scroll of identify for 22 gold pieces
 12822 | D:9      | Bought a scroll of identify for 22 gold pieces
 12822 | D:9      | Bought a scroll of immolation for 38 gold pieces
 12876 | D:9      | Reached XP level 11. HP: 81/81 MP: 17/22
 12897 | D:9      | Found a sacrificial altar of Ru.
 12919 | D:9      | Found a glowing golden altar of the Shining One.
 12986 | D:9      | Found a glowing silver altar of Zin.
 13277 | D:9      | Found a sparkling altar of Nemelex Xobeh.
 13484 | D:10     | Found a shattered altar of Ashenzari.
 13485 | D:10     | Noticed Frisk's ghost (novice MiFi)
 13487 | D:10     | Found a hide-covered altar of Uskayaw.
 13487 | D:10     | Found a shimmering altar of Xom.
 13718 | D:10     | Offered knowledge of Ignite Poison by Vehumet.
 14003 | D:10     | Noticed Grum
 14009 | D:10     | Killed Grum
 15133 | D:10     | Found a deep blue altar of Sif Muna.
 15133 | D:10     | Found a blossoming altar of Fedhas.
 15133 | D:10     | Found a stormy altar of Qazlal.
 15247 | D:11     | Noticed a two-headed ogre
 15253 | D:11     | Killed a two-headed ogre
 15253 | D:11     | Reached *** piety under Vehumet
 15507 | D:11     | Noticed a two-headed ogre
 15514 | D:11     | Killed a two-headed ogre
 16150 | D:11     | Found a staircase to the Lair.
 16385 | D:11     | Offered knowledge of Throw Icicle by Vehumet.
 16391 | D:11     | Learned a level 4 spell: Throw Icicle
 16403 | D:11     | Found a staircase to the Orcish Mines.
 16653 | Lair:1   | Entered Level 1 of the Lair of Beasts
 17074 | Lair:1   | Reached XP level 12. HP: 91/91 MP: 6/24
 17589 | Lair:2   | Found a staircase to the Shoals.
 17796 | Lair:2   | Noticed a four-headed hydra
 18085 | Lair:2   | Killed a four-headed hydra
 18085 | Lair:2   | Reached skill level 1 in Armour
 18471 | Lair:2   | Noticed an eight-headed hydra
 18480 | Lair:2   | Reached **** piety under Vehumet
 18480 | Lair:2   | Killed an eight-headed hydra
 18656 | Lair:2   | Reached skill level 10 in Conjurations
 18656 | Lair:2   | Reached skill level 10 in Fire Magic
 18986 | Lair:2   | Noticed a six-headed hydra
 19047 | Lair:2   | Killed a six-headed hydra
 19215 | Lair:2   | Found a staircase to the Snake Pit.
 19769 | Lair:2   | Got a twisted mace {flame}
 19772 | Lair:2   | Identified the +3 mace of Wokuumu {flame, +Inv rPois rF+++} (You took it off a naga on level 2 of the Lair of Beasts)
 19937 | Lair:2   | Offered knowledge of Lee's Rapid Deconstruction by Vehumet.
 21214 | Lair:4   | Reached skill level 10 in Spellcasting
 21463 | Lair:4   | Gained mutation: You can hop long distances. [Barachi growth]
 21463 | Lair:4   | Reached XP level 13. HP: 98/98 MP: 4/27
 21693 | Lair:4   | Reached skill level 1 in Ice Magic
 25092 | Lair:4   | Reached ***** piety under Vehumet
 25092 | Lair:4   | Offered knowledge of Freezing Cloud by Vehumet.
 25295 | Lair:4   | Learned a level 6 spell: Freezing Cloud
 25329 | Lair:5   | Noticed Rupert
 25657 | Lair:5   | Noticed an azure jelly
 25958 | Lair:5   | Noticed Kirke
 26705 | Lair:5   | Paralysed by Rupert for 2 turns
 26969 | Lair:4   | Slain by Rupert

Vault maps used:
D:1:      ncdulo_smallfort
D:2:      first_ration, nicolae_gozag_cash_rules_everything_around_me
D:3:      gup_sewer_entry_spiral
D:5:      basic_altar, uniq_menkaure
D:6:      nicolae_overflow_hidden_temple
D:7:      minmay_temple_entry_fiery, minivault_22, tso_metal_star
D:8:      hangedman_pestilent_swarm, supply_closet_lemuel, uniq_maurice,
          uniq_joseph
D:9:      nicolae_overflow_quartered_altars, serial_shops, shop,
          minmay_misc_feat_cross
D:10:     doesnt_xom_only_xom, uniq_grum, uniq_harold
D:11:     erik_lair_dragon, orc_0_dummy, minmay_misc_feat_alley
Temple:   regret_index_temple_sphere_string
Lair:1:   statuecave_lemuel
Lair:2:   shoals_dummy_entry, minmay_snake_entry_guardpost_medium,
          portal_ice_cave_demonic_guard, guppyfry_lair_drakes
Lair:3:   serial_bayou_shore_a
Lair:4:   worms_lemuel, grunt_megastairs_3
Lair:5:   slime_altar_2, basic_altar, uniq_urug, uniq_rupert, uniq_kirke
Sewer:    sewer_fruit_machine

Skill      XL: |  1  2  3  4  5  6  7  8  9 10 11 12 13 |
---------------+----------------------------------------+-----
Stealth        | 2 3 4 5 6 |  6.2
Conjurations   | 2 3 4 5 7 8 9 10 11 | 11.3
Fighting       | 1 2 3 4 5 6 7 8 |  8.8
Spellcasting   | 3 4 5 6 7 8 10 | 10.6
Shields        | 1 2 3 4 5 6 7 8 |  8.3
Dodging        | 3 4 5 6 7 8 |  8.2
Fire Magic     | 4 5 7 8 9 10 11 | 11.3
Armour         | 3 4 |  4.6
Ice Magic      | 3 |  3.0
Air Magic      | |  0.6

Action                   |  1- 3 |  4- 6 |  7- 9 | 10-12 | 13-15 || total
-------------------------+-------+-------+-------+-------+-------++-------
Melee: Unarmed           |    23 |     2 |       |       |       ||    25
       War axe           |       |    38 |    61 |       |       ||    99
       Falchion          |       |     4 |       |       |       ||     4
       Flail             |       |       |    13 |       |       ||    13
       Trident           |       |       |     8 |    77 |       ||    85
       Mace              |       |       |       |     9 |    33 ||    42
       Broad axe         |       |       |       |       |    80 ||    80
Throw: Tomahawk          |       |       |       |    24 |    12 ||    36
 Cast: Flame Tongue      |    56 |   129 |   117 |   340 |    20 ||   662
       Fireball          |       |       |    27 |   101 |    29 ||   157
       Throw Icicle      |       |       |       |    13 |   130 ||   143
 Abil: Hop               |       |     1 |     5 |    14 |    13 ||    33
Evoke: Wand              |       |       |       |     9 |    20 ||    29
  Use: Scroll            |       |     6 |     2 |    20 |     9 ||    37
       Potion            |       |     2 |     8 |     3 |     3 ||    16
 Stab: Sleeping          |       |     1 |       |     1 |     1 ||     3
  Eat: Chunk             |     4 |    10 |    18 |    30 |    16 ||    78
       Ration            |       |       |     3 |     8 |     4 ||    15
Armor: Robe              |     7 |    27 |     9 |    31 |    19 ||    93
       Skin              |       |       |    61 |    22 |       ||    83
Dodge: Dodged            |    35 |    67 |    65 |   126 |    50 ||   343
Block: Buckler           |       |    13 |    57 |    75 |       ||   145
       Large shield      |       |       |       |    55 |   193 ||   248
       Reflection        |       |       |       |     1 |       ||     1
       Rpst.: Falchion   |       |     1 |       |       |       ||     1

Table legend:
 A = Spawn XP
 B = Non-spawn XP
 C = Spawn XP percentage of total XP
 D = Spawn monster count
 E = Non-spawn monster count
 F = Spawn count percentage of total count
 G = Total turns spent on level
                    A         B        C        D         E        F      G
               +---------+---------+-------+---------+---------+-------+---------
         Total |       0 |   47316 |   0.0 |       0 |     408 |   0.0 | 26969
               +---------+---------+-------+---------+---------+-------+---------
           D:1 |       0 |      40 |   0.0 |       0 |      22 |   0.0 |  1671
           D:2 |       0 |     106 |   0.0 |       0 |      32 |   0.0 |  1447
           D:3 |       0 |      56 |   0.0 |       0 |      21 |   0.0 |   898
           D:4 |       0 |     980 |   0.0 |       0 |      17 |   0.0 |  1460
           D:5 |       0 |     974 |   0.0 |       0 |      31 |   0.0 |  1481
           D:6 |       0 |      97 |   0.0 |       0 |       5 |   0.0 |   768
           D:7 |       0 |     660 |   0.0 |       0 |      14 |   0.0 |   872
           D:8 |       0 |    2656 |   0.0 |       0 |      26 |   0.0 |  1557
           D:9 |       0 |    2364 |   0.0 |       0 |      20 |   0.0 |  1738
          D:10 |       0 |    4994 |   0.0 |       0 |      44 |   0.0 |  2273
          D:11 |       0 |    4606 |   0.0 |       0 |      32 |   0.0 |  1446
        Lair:1 |       0 |    1300 |   0.0 |       0 |       6 |   0.0 |  1275
        Lair:2 |       0 |    8687 |   0.0 |       0 |      31 |   0.0 |  2028
        Lair:3 |       0 |    2403 |   0.0 |       0 |      13 |   0.0 |  1552
        Lair:4 |       0 |   16042 |   0.0 |       0 |      66 |   0.0 |  5332
        Lair:5 |       0 |    1282 |   0.0 |       0 |       5 |   0.0 |   129
         Sewer |       0 |      69 |   0.0 |       0 |      23 |   0.0 |   884
               +---------+---------+-------+---------+---------+-------+---------
